 Dungeon Crawl Stone Soup version 0.27.0-1-g7a089689b8 (webtiles) character file.

Game seed: 11685576390408935606

105 mandarbmax the Cutter (level 5, -2/30 HPs)
             Began as a Kobold Brigand on Aug 2, 2021.
             Slain by a phantom (6 damage)
             ... on level 4 of the Dungeon.
             The game lasted 00:05:50 (3568 turns).

mandarbmax the Cutter (Kobold Brigand)              Turns: 3568, Time: 00:05:51

Health: -2/30      AC:  6    Str:  8    XL:     5   Next: 9%
Magic:  5/5        EV: 12    Int: 13    God:
Gold:   89         SH:  0    Dex: 17    Spells: 4/4 levels left

rFire    . . .     SeeInvis .   a - +2 dagger
rCold    . . .     Faith    .   (shield restricted)
rNeg     . . .     Spirit   .   f - +0 ring mail
rPois    .         Reflect  .   (no helmet)
rElec    .         Harm     .   c - +0 cloak
rCorr    .         Rampage  .   (no gloves)
Will     .....                  (no boots)
Stlth    ++++......             (no amulet)
HPRegen  0.10/turn              (no ring)
MPRegen  0.09/turn              (no ring)

@: no status effects
A: small, no large weapons, nightstalker 3
a: no special abilities


You were on level 4 of the Dungeon.
You visited 1 branch of the dungeon, and saw 4 of its levels.

You collected 89 gold pieces.

Inventory:

Hand Weapons
 a - a +2 dagger (weapon)
Missiles
 d - 5 poisoned darts
 e - 7 curare-tipped darts (quivered)
Armour
 c - a +0 cloak (worn)
 f - a +0 ring mail (worn)
Wands
 j - a wand of iceblast (7)
 m - a wand of digging (5)
Scrolls
 i - a scroll of silence {unknown}
Potions
 g - a potion of invisibility
 k - a potion of resistance


   Skills:
 - Level 2.1 Fighting
 * Level 5.8 Short Blades
 - Level 2.1 Throwing
 + Level 2.0 Dodging
 + Level 5.7 Stealth


You had 4 spell levels left.
You didn't know any spells.
Your spell library contained the following spells:

 Spells                   Type           Power      Damage    Failure   Level
 Frozen Ramparts          Ice            0%         1d2       96%         3
 Ice Form                 Ice/Tmut       0%         N/A       100%        4
 Summon Ice Beast         Ice/Summ       0%         N/A       100%        4


Dungeon Overview and Level Annotations

Branches:
Dungeon (4/15)
 Temple: D:4-7

Altars:
Hepliaklqana

Shops:
D:1 (


Innate Abilities, Weirdness & Mutations

You are small and have problems with some larger weapons.
You are completely attuned to the shadows.


Message History

The phantom is moderately damaged.
The phantom misses you.
You hit the phantom.
The phantom is moderately damaged.
You hit the phantom.
The phantom is moderately damaged.
The phantom misses you.
You hit the phantom.
The phantom is moderately damaged.
The phantom hits you but does no damage.
You closely miss the phantom.
The phantom is moderately damaged.
The phantom hits you but does no damage.
You closely miss the phantom.
The phantom is moderately damaged.
You hit the phantom.
The phantom is heavily damaged.
The phantom barely misses you.
You hit the phantom.
The phantom is severely damaged.
The phantom hits you!
You hit the phantom.
The phantom is severely damaged.
You hit the phantom.
The phantom is almost destroyed.
The phantom hits you.
You hit the phantom.
The phantom is almost destroyed.
The phantom hits you.
* * * LOW HITPOINT WARNING * * *
You closely miss the phantom.
The phantom is almost destroyed.
Unknown command.
You feel better. The phantom hits you!
* * * LOW HITPOINT WARNING * * *
The phantom blinks!
You blink.
You hit the phantom.
The phantom is almost destroyed.
The phantom hits you.
You die...

####### #####
#####......# #
#...#..##
#>.###..# #..#
##..### ###..#
#.....# #.
#.<# #..##.##
# #.. ##..##
#......#
###h.. ##.W##
#......#
.#.... ##§@#
#..♣♣..#
#..... #§###
#...P..#
#....h ....##
######
#.....##
.....h .(..
#....###....##
#..... ..##
#.....##(####
#####. (#
#.....#..#
#.........#
#######
#..P♣.....#
#.....#
..........#


You could see a phantom.

Vanquished Creatures
  An iguana (D:4)
  2 adders (D:4)
  3 dart slugs
  An orc (D:2)
  5 bats
  7 endoplasms
  A giant cockroach (D:2)
  3 goblins (D:1)
  6 hobgoblins
  4 quokkas
  6 ball pythons
  4 frilled lizards
  3 kobolds
  9 rats
55 creatures vanquished.

Notes
Turn   | Place    | Note
-------+----------+-------------------------------------------
     0 | D:1      | mandarbmax the Kobold Brigand began the quest for the Orb.
     0 | D:1      | Reached XP level 1. HP: 12/12 MP: 1/1
   160 | D:1      | Reached XP level 2. HP: 17/17 MP: 2/2
   457 | D:1      | Reached XP level 3. HP: 14/21 MP: 3/3
   808 | D:1      | Found Gaseymn's Antique Weapon Emporium.
  1112 | D:2      | Reached skill level 5 in Short Blades
  1760 | D:3      | Reached XP level 4. HP: 23/26 MP: 4/4
  2761 | D:4      | Found a hazy altar of Hepliaklqana.
  3088 | D:4      | Noticed a black bear
  3214 | D:4      | Reached XP level 5. HP: 26/30 MP: 5/5
  3216 | D:4      | HP: 1/30 [acid (9)]
  3544 | D:4      | Noticed a phantom
  3568 | D:4      | Slain by a phantom

Illustrated notes

Levels and vault maps discovered:
D:1:      beargit_arrival_diablo_church, layout_basic, serial_shops,
          nicolae_lakefront_shop, minmay_split_cup_large
D:2:      layout_rooms
D:3:      layout_basic
D:4:      layout_cave_pods, mainiacjoe_overflow_alcove_1, serial_park,
          serial_park_square1 [serial_park_minivault_5x5_7], serial_park_tiny_1,
          serial_park_tiny_1, corexii_shack, minmay_fractal_squares_gapless_5,
          uniq_edmund

Skill      XL: |  1  2  3  4 |
---------------+-------------+-----
Short Blades   | 3 4 5 |  5.8
Dodging        | 2 |  2.0
Fighting       | |  2.1
Throwing       | |  2.1
Stealth        | |  5.7

Action                   |  1- 3 |  4- 6 || total
-------------------------+-------+-------++-------
Melee: Dagger            |    87 |    70 ||   157
Throw: Dart              |       |     9 ||     9
  Use: Potion            |       |     3 ||     3
       Scroll            |       |     4 ||     4
 Stab: Sleeping          |    24 |     6 ||    30
       Distracted        |     1 |       ||     1
Armor: Ring mail         |    13 |    23 ||    36
Dodge: Dodged            |    37 |    40 ||    77
